AoeStats
← 13645570128

Hideout

509110339Analyzed
1v1 RM · 7d ago on Sep 25, 2026· 17m 48s· 2 players
Game mode
Random Map
Map size
Tiny (2 player)
Population
200
Speed
Normal
Resources
Standard
Victory
Conquest
Starting age
Dark Age
Ending age
Imperial Age
RankedLock teamsTeams togetherTeam positionsShared explorationLock speedFull tech treeHidden civsTurbo modeCheats
Victory
Defeat
🇦🇺 Khmer · Australia
901
+16
🇭🇰 Mongols · Hong Kong SAR China
896
-45
13645570128
8:15 Feudal Age
13:35 Double-Bit Axe
17:52 Wheelbarrow
joseph
10:12 Feudal Age
14:32 Bloodlines
17:10 Castle Age
16:07 Double-Bit Axe
16:04 Horse Collar
Connection lost

Rejoining the realm…

Still unreachable

The connection could not be restored.

Session expired

The server has moved on; the page needs a fresh start.